 Dungeon Crawl Stone Soup version 0.21-a0-314-gb3271ec (webtiles) character file.

1176 Hasart the Slasher (level 8, -3/65 HPs)
             Began as a Mummy Fighter on Sept 29, 2017.
             Slain by an ogre
             ... wielding a +0 giant club
              (22 damage)
             ... on level 5 of the Dungeon.
             The game lasted 00:10:28 (4173 turns).

Hasart the Slasher (Mummy Fighter)                  Turns: 4173, Time: 00:10:29

Health: -3/65      AC:  7    Str: 20    XL:     8   Next: 18%
Magic:  8/8        EV:  7    Int:  8    God:
Gold:   202        SH:  9    Dex: 12    Spells: 7/7 levels left

rFire    x . .     SeeInvis +   a - +0 long sword
rCold    + . .     Gourm    .   c - +0 shield
rNeg     + + +     Faith    .   b - +0 scale mail
rPois    ∞         Spirit   .   o - +0 helmet
rElec    .         Reflect  .   (no cloak)
rCorr    .         Harm     .   (no gloves)
MR       +....                  (no boots)
Stlth    ..........             (no amulet)
HPRegen  0.20/turn              h - ring of loudness (curse)
MPRegen  0.11/turn              l - ring of see invisible

@: no status effects
A: no food or potions, fire vulnerability, cold resistance 1, negative energy
resistance 3, torment resistance, unbreathing
a: no special abilities


You were on level 5 of the Dungeon.
You were not hungry.

You visited 1 branch of the dungeon, and saw 5 of its levels.
You also visited: Sewer.

You collected 202 gold pieces.

Inventory:

Hand Weapons
 a - a +0 long sword (weapon)
Armour
 b - a +0 scale mail (worn)
 c - a +0 shield (worn)
 o - a +0 helmet (worn)
Jewellery
 h - a cursed ring of loudness (left hand)
 l - a ring of see invisible (right hand)
 u - an uncursed ring of magical power {unknown}
Wands
 n - a wand of acid (3/15)
 r - a wand of random effects (16/48)
Scrolls
 d - a scroll of magic mapping {unknown}
 e - 4 scrolls of identify
 f - a scroll of enchant armour {unknown}
 g - 2 scrolls of teleportation {unknown}
 i - 3 scrolls of remove curse {unknown}
 j - 2 scrolls of amnesia {unknown}
 m - 2 scrolls of noise {unknown}
 p - a scroll of blinking {unknown}
 q - 3 scrolls of random uselessness {unknown}
 t - a scroll of fog {unknown}
Books
 k - a book of Callings

   Spells                             Type                      Level
   a - Summon Small Mammal            Summoning                    1
   b - Call Imp                       Summoning                    2
   c - Call Canine Familiar           Summoning                    3
   d - Summon Guardian Golem          Hexes/Summoning              3
   e - Summon Lightning Spire         Summoning/Air                4
   f - Summon Ice Beast               Ice/Summoning                4
 s - a book of Maledictions

   Spells                             Type                      Level
   a - Corona                         Hexes                        1
   b - Ensorcelled Hibernation        Hexes/Ice                    2
   c - Confuse                        Hexes                        3
   d - Tukima's Dance                 Hexes                        3
   e - Dazzling Spray                 Conjuration/Hexes            3


   Skills:
 + Level 6.6 Fighting
 * Level 6.6 Long Blades
 - Level 2.5 Armour
 - Level 2.4 Shields


You had 7 spell levels left.
You didn't know any spells.

Dungeon Overview and Level Annotations

Branches:
Dungeon (5/15)
 Temple: D:4-7

Altars:
Fedhas
Kikubaaqudgha
Qazlal

Shops:
D:4 %


Innate Abilities, Weirdness & Mutations

You do not eat or drink.
Your flesh is vulnerable to fire.
You are immune to poison.
Your flesh is cold resistant. (rC+)
You are immune to negative energy. (rN+++)
You are immune to unholy pain and torment.
You can survive without breathing.


Message History

The ogre hits you with a giant club!
You barely miss the ogre.
The ogre is severely wounded.
The ogre closely misses you.
You hit the ogre.
The ogre is severely wounded.
The ogre barely misses you.
You hit the ogre.
The ogre is almost dead.
You barely miss the ogre.
The ogre is almost dead.
The ogre hits you with a giant club!
* * * LOW HITPOINT WARNING * * *
You barely miss the ogre.
The ogre is almost dead.
You block the ogre's attack.
You hit the ogre.
The ogre is almost dead.
The ogre hits you with a giant club!!
You die...

.#####.###.#.#####.#
.# #.# ##........#
## #.# #..#####.# #
#.# #..# #...# # #.#
#..# #.### # .. #..#
#.# # ..# #.# ..#
#.# #@#
#.....O......#
#.####.#......
......... ..# ###..
.### . . ##


You could see an ogre.

Vanquished Creatures
  The ghost of Dominolapin the Magician, a novice GnWz of Elyvilon (D:4)
  Prince Ribbit (D:5)
  Menkaure (D:5)
  Purgy (Sewer)
  An ice beast (D:5)
  A crimson imp (D:5)
  A hound (D:5)
  A centaur skeleton (D:4)
  2 iguanas (D:5)
  2 orc wizards (D:5)
  A worker ant (D:4)
  A worker ant zombie (D:5)
  5 adders
  An ooze (D:4)
  An adder skeleton (D:4)
  3 worms
  2 dart slugs
  4 leopard geckos
  14 orcs
  11 bats
  5 giant cockroaches
  8 goblins
  5 hobgoblins
  10 jackals
  11 kobolds
  2 quokkas (D:3)
  4 ball pythons
  A ball python skeleton (D:5)
  4 frilled lizards
  A leopard gecko skeleton (D:5)
  A quokka skeleton (D:5)
  10 rats
117 creatures vanquished.

Notes
Turn   | Place    | Note
-------+----------+-------------------------------------------
     0 | D:1      | Hasart the Mummy Fighter began the quest for the Orb.
     0 | D:1      | Reached XP level 1. HP: 18/18 MP: 1/1
   138 | D:1      | Reached XP level 2. HP: 20/24 MP: 2/2
   668 | D:2      | Noticed a fire elemental
   670 | D:2      | Found a stormy altar of Qazlal.
   671 | D:2      | Noticed a water elemental
   671 | D:2      | Noticed an air elemental
   671 | D:2      | Noticed an earth elemental
   796 | D:2      | Reached XP level 3. HP: 29/29 MP: 3/3
  1578 | D:3      | Reached XP level 4. HP: 37/37 MP: 4/4
  2537 | D:4      | Reached XP level 5. HP: 42/42 MP: 5/5
  2541 | D:4      | Noticed Dominolapin's ghost (novice GnWz)
  2562 | D:4      | Killed Dominolapin's ghost
  2562 | D:4      | Reached skill level 5 in Fighting
  2562 | D:4      | Reached XP level 6. HP: 20/51 MP: 6/6
  2908 | D:4      | Found a glowing drain.
  2926 | Sewer    | Entered a sewer
  3099 | Sewer    | Noticed Purgy
  3106 | Sewer    | Killed Purgy
  3106 | Sewer    | Reached skill level 5 in Long Blades
  3106 | Sewer    | Reached XP level 7. HP: 44/56 MP: 7/7
  3562 | D:4      | Found Bujuiss's Food Boutique.
  3620 | D:5      | Entered Level 5 of the Dungeon
  3722 | D:5      | Noticed Prince Ribbit
  3744 | D:5      | Killed Prince Ribbit
  3982 | D:5      | Noticed Menkaure
  3983 | D:5      | Reached XP level 8. HP: 65/65 MP: 8/8
  3994 | D:5      | Killed Menkaure
  4015 | D:5      | Found a blossoming altar of Fedhas.
  4015 | D:5      | Found an ancient bone altar of Kikubaaqudgha.
  4173 | D:5      | Slain by an ogre

Vault maps used:
D:1:      dpeg_arrival_rooms_a
D:2:      nicolae_qazlal_style_of_elements
D:3:      first_bread, roderic_lattice_a, minivault_26, grunt_decor_mini_mirrors
D:4:      cheibrodos_sewer_entry_sluice, serial_shops, shop
D:5:      grunt_temple_overflow_growth_and_decay, makhleb_heckhound_becter,
          uniq_prince_ribbit1, uniq_menkaure
Sewer:    sewer_the_crocodile

Skill      XL: |  1  2  3  4  5  6  7 |
---------------+----------------------+-----
Long Blades    | 2 3 4 5 6 |  6.6
Fighting       | 4 5 6 |  6.6
Armour         | |  2.5
Shields        | |  2.4

Action                   |  1- 3 |  4- 6 |  7- 9 || total
-------------------------+-------+-------+-------++-------
Melee: Long sword        |   135 |   178 |   141 ||   454
Evoke: Wand              |       |     2 |     2 ||     4
  Use: Scroll            |       |     1 |       ||     1
Armor: Scale mail        |    77 |    88 |    44 ||   209
Dodge: Dodged            |    67 |    62 |    42 ||   171
Block: Shield            |    84 |    91 |    61 ||   236
       Rpst.: Long sword |    17 |    15 |    12 ||    44

Table legend:
 A = Spawn XP
 B = Non-spawn XP
 C = Spawn XP percentage of total XP
 D = Spawn monster count
 E = Non-spawn monster count
 F = Spawn count percentage of total count
 G = Total turns spent on level
                    A         B        C        D         E        F      G
               +---------+---------+-------+---------+---------+-------+---------
         Total |       0 |    1681 |   0.0 |       0 |     117 |   0.0 |  4173
               +---------+---------+-------+---------+---------+-------+---------
           D:1 |       0 |      28 |   0.0 |       0 |      16 |   0.0 |   639
           D:2 |       0 |      48 |   0.0 |       0 |      22 |   0.0 |   877
           D:3 |       0 |     105 |   0.0 |       0 |      33 |   0.0 |  1017
           D:4 |       0 |     503 |   0.0 |       0 |      15 |   0.0 |   845
           D:5 |       0 |     855 |   0.0 |       0 |      25 |   0.0 |   553
         Sewer |       0 |     142 |   0.0 |       0 |       6 |   0.0 |   242
               +---------+---------+-------+---------+---------+-------+---------
